 Dungeon Crawl Stone Soup version 0.25-a0-105-g2289b3b9f1 (webtiles) character file.

Game seed: 268223005008184865, levelgen mode: deterministic

4626 Freyura the Grappler (level 10, -2/100 HPs)
             Began as a Troll Fighter on Nov 16, 2019.
             Was a Priest of the Shining One.
             Slain by a manticore (5 damage)
             ... on level 7 of the Dungeon.
             The game lasted 00:16:46 (4824 turns).

Freyura the Grappler (Troll Fighter)                Turns: 4824, Time: 00:16:46

Health: -2/100     AC:  9    Str: 31    XL:     10   Next: 19%
Magic:  13/13      EV:  8    Int:  4    God:    the Shining One [***...]
Gold:   203        SH: 10    Dex: 12    Spells: 9/9 levels left

rFire    . . .     SeeInvis .     - Unarmed
rCold    . . .     Gourm    +   t - +1 shield {AC+3}
rNeg     + . .     Faith    .   o - +0 robe (curse)
rPois    .         Spirit   .   (helmet restricted)
rElec    .         Reflect  .   (no cloak)
rCorr    .         Harm     .   (gloves unavailable)
MR       .....                  (boots unavailable)
Stlth    +.........             (no amulet)
HPRegen  0.66/turn              (no ring)
MPRegen  0.13/turn              (no ring)

@: mighty, glowing
A: large, unfitting armour, claws 3, fast metabolism 3, gourmand, regeneration
1, shaggy fur 1, tough skin 3
a: Divine Shield, Renounce Religion


You were on level 7 of the Dungeon.
You worshipped the Shining One.
The Shining One was most pleased with you.
You were very full.

You visited 1 branch of the dungeon, and saw 7 of its levels.

You collected 368 gold pieces.
You spent 165 gold pieces at shops.

Inventory:

Armour
 o - a cursed +0 robe (worn)
 t - a +1 shield of protection (worn)
Wands
 l - a wand of scattershot (6)
 q - a wand of acid (35)
 u - a wand of digging (5)
Scrolls
 f - 2 scrolls of amnesia {unknown}
 h - a scroll of noise {unknown}
 i - 4 scrolls of remove curse
 k - 2 scrolls of teleportation {unknown}
 n - 5 scrolls of identify {unknown}
 s - a scroll of immolation {unknown}
 w - a scroll of enchant weapon {unknown}
 x - a scroll of torment {unknown}
 y - a scroll of brand weapon {unknown}
Potions
 a - a potion of agility {unknown}
 b - a potion of brilliance {unknown}
 c - a potion of might
 e - 2 potions of berserk rage {unknown}
 g - 3 potions of invisibility {unknown}
 j - 4 potions of curing {unknown}
 m - a potion of haste {unknown}
 p - a potion of lignification {unknown}
 r - a potion of heal wounds {unknown}
 v - a potion of degeneration {unknown}
Comestibles
 d - 13 rations


   Skills:
 + Level 6.8 Fighting
 - Level 2.4 Dodging
 - Level 2.4 Shields
 * Level 10.8 Unarmed Combat
 + Level 6.4 Invocations


You had 9 spell levels left.
You didn't know any spells.
Your spell library was empty.

Dungeon Overview and Level Annotations

Branches:
Dungeon (7/15)             Temple (0/1) D:7

Altars:
Ashenzari
Elyvilon
Gozag
Kikubaaqudgha
Okawaru
Qazlal
Trog
Wu Jian
Xom
The Shining One

Shops:
D:5 [   D:6 [


Innate Abilities, Weirdness & Mutations

You are too large for most types of armour.
You have claws for hands.
Your metabolism is lightning-fast.
You like to eat raw meat.
Your natural rate of healing is unusually fast.
You are covered in fur. (AC +1)
You have extremely tough skin. (AC +3)


Message History

The troll is heavily wounded.
The crimson imp barely misses you. You block the troll's attack.
The troll claws you but does no damage. The troll claws you.
The Shining One protects you from harm!
You mangle the troll!!
You kill the troll!
The crimson imp hits you but does no damage.
You mangle the hound!!
You kill the hound!
The crimson imp hits you but does no damage.
You claw the crimson imp!
You kill the crimson imp!
The Shining One accepts your kill. The manticore bites you.
* * * LOW HITPOINT WARNING * * *
You block the manticore's attack. x2
You eviscerate the manticore!!!
The manticore is almost dead.
You block the manticore's attack. The manticore claws you.
You die...

#....#...#...#...###.###.#..#.#..
.....#..##...##..#...[)#..#..#..#
.....##..##.##..#########..#...#.
......##...#...###..# ##..#.#..
.......##.....###..# # ##..#..#
........########..# .## ###.###
........#.....#†.# ...## ##.#.##
........#..#..#"##o.[[.# #.#.#.#
........#......#@HaY⌠|.. ##.#.##
........#..#..#.##JS}).# #.#.#.#
........#.....#..# ...## ##.#.##
#.......###.####..# .## ###.###
##.....##.....###..# # #.....#
##...##.......###..# ##..#....
##...##..####...#########..##).#.
#....#.## . ###..#...#(#..###..##
.....# ....##.#.###.#.....#)##


You could see a manticore, a sky beast (invisible), a jelly, a worker ant, an
adder and an orc.

Vanquished Creatures
  The ghost of Shinnjin the Cleaver, a novice MiFi of Okawaru (D:6)
  A cyclops (D:7)
  2 trolls (D:7)
  Grinder (D:6)
  A hippogriff (D:7)
  Sigmund (D:6)
  A hungry ghost (D:7)
  An ice beast (D:6)
  3 sky beasts
  2 orc warriors
  3 ogres
  A centaur (D:5)
  5 bullfrogs
  A scorpion (D:2)
  7 wights
  A howler monkey (D:7)
  3 crimson imps
  2 bullfrog zombies (D:7)
  5 hounds
  3 jellies
  3 orc priests
  2 bullfrog skeletons
  4 orc wizards
  4 iguanas
  5 worker ants
  A hound zombie (D:7)
  A hound skeleton (D:4)
  A worker ant zombie (D:7)
  8 adders
  7 gnolls (D:3)
  A shadow imp (D:5)
  3 oozes
  An adder zombie (D:7)
  2 adder skeletons
  3 worms
  4 dart slugs
  16 orcs
  3 ball pythons
  5 bats
  5 giant cockroaches
  A goblin (D:1)
  9 hobgoblins
  14 jackals
  6 kobolds
  3 quokkas
  7 frilled lizards
  A jackal skeleton (D:5)
  A quokka skeleton (D:5)
  A quokka zombie (D:7)
  7 rats
174 creatures vanquished.

Notes
Turn   | Place    | Note
-------+----------+-------------------------------------------
     0 | D:1      | Freyura the Troll Fighter began the quest for the Orb.
     0 | D:1      | Reached XP level 1. HP: 22/22 MP: 0/0
     3 | D:1      | Noticed an electric eel
     3 | D:1      | Noticed an electric eel
   110 | D:1      | Reached XP level 2. HP: 29/29 MP: 1/1
   368 | D:1      | Reached skill level 3 in Unarmed Combat
   616 | D:1      | Reached XP level 3. HP: 36/36 MP: 2/2
  1117 | D:2      | Found a glowing golden altar of the Shining One.
  1125 | D:2      | Became a worshipper of the Shining One
  1197 | D:2      | Reached XP level 4. HP: 44/45 MP: 3/3
  1335 | D:2      | Reached skill level 4 in Unarmed Combat
  1453 | D:2      | Found a white marble altar of Elyvilon.
  1638 | D:3      | Reached skill level 1 in Invocations
  1728 | D:3      | Reached XP level 5. HP: 53/53 MP: 4/4
  1731 | D:3      | Found an ancient bone altar of Kikubaaqudgha.
  1822 | D:3      | Found a stormy altar of Qazlal.
  1824 | D:3      | Noticed a fire elemental
  1825 | D:3      | Noticed an air elemental
  1825 | D:3      | Noticed a water elemental
  2216 | D:3      | Found an ornate altar of the Wu Jian Council.
  2320 | D:4      | Reached skill level 5 in Unarmed Combat
  2320 | D:4      | Reached XP level 6. HP: 60/61 MP: 6/6
  2473 | D:4      | Reached * piety under the Shining One
  2711 | D:4      | Reached XP level 7. HP: 70/70 MP: 7/7
  2893 | D:5      | Entered Level 5 of the Dungeon
  2905 | D:5      | Reached skill level 6 in Unarmed Combat
  2984 | D:5      | Found an iron altar of Okawaru.
  3337 | D:5      | Found Urchogh's Armour Shop.
  3349 | D:5      | Bought a +1 shield of protection for 165 gold pieces
  3392 | D:5      | Found a shimmering altar of Xom.
  3646 | D:6      | Reached skill level 7 in Unarmed Combat
  3646 | D:6      | Reached XP level 8. HP: 64/79 MP: 9/9
  3666 | D:6      | Found Tucaosud's Antique Armour Shop.
  3680 | D:6      | Noticed Sigmund
  3691 | D:6      | Killed Sigmund
  3718 | D:6      | Found an opulent altar of Gozag.
  3763 | D:6      | Found a runed translucent door.
  3775 | D:6      | Noticed Shinnjin's ghost (novice MiFi)
  3779 | D:6      | Reached ** piety under the Shining One
  3898 | D:6      | Reached skill level 5 in Fighting
  3904 | D:6      | Noticed Grinder
  3910 | D:6      | Killed Grinder
  3910 | D:6      | Reached skill level 8 in Unarmed Combat
  4042 | D:6      | HP: 4/81 [wight/cursed -3 spear (1)]
  4167 | D:6      | Reached XP level 9. HP: 62/88 MP: 11/11
  4173 | D:6      | Killed Shinnjin's ghost
  4173 | D:6      | Reached skill level 9 in Unarmed Combat
  4173 | D:6      | Reached skill level 5 in Invocations
  4318 | D:7      | Found a staircase to the Ecumenical Temple.
  4321 | D:7      | Reached *** piety under the Shining One
  4480 | D:7      | Found a shattered altar of Ashenzari.
  4531 | D:7      | Found a bloodstained altar of Trog.
  4691 | D:7      | Reached skill level 10 in Unarmed Combat
  4791 | D:7      | Noticed a troll
  4791 | D:7      | Noticed a troll
  4791 | D:7      | Noticed a manticore
  4795 | D:7      | Noticed a cyclops
  4810 | D:7      | Killed a cyclops
  4810 | D:7      | Reached XP level 10. HP: 30/100 MP: 13/13
  4818 | D:7      | HP: 2/100 [hippogriff (5)]
  4820 | D:7      | The Shining One protects you from harm!
  4823 | D:7      | HP: 2/100 [manticore (3)]
  4824 | D:7      | Slain by a manticore

Levels and vault maps discovered:
D:1:      arrival_aquarium_b, layout_basic
D:2:      layout_loops_cross, tso_altar, nicolae_overflow_hidden_temple,
          marbit_many_paths, grunt_ministairs_15
D:3:      layout_basic, lemuel_coloured_pillars_altar, old_standard_altar,
          nicolae_qazlal_style_of_elements, hex_large, hex_tiny
D:4:      layout_basic
D:5:      layout_loops_ring, kennysheep_little_box, lemuel_crystal_altar,
          serial_shops, shop_fountains, first_ration
D:6:      layout_rooms, kennysheep_mini_moat, ebering_ghost_sewer_d,
          serial_shops, nicolae_shop_stone, uniq_grinder, uniq_sigmund
D:7:      minmay_the_grid_octo_tiled_octocenter [minmay_the_grid_octo_chip,
          minmay_the_grid_octo_thin_diamonds, minmay_the_grid_octo_pinwheel,
          minmay_the_grid_octo_odd_swirl, minmay_the_grid_octo_prize_star,
          minmay_the_grid_square_5x5_tie, minmay_the_grid_square_5x5_checkered,
          minmay_the_grid_square_5x5_forky,
          minmay_the_grid_square_5x5_two_walls_b], layout_cave_pods,
          cheibrodos_ashenzari_chains, minmay_temple_entry_junction_2,
          bloody_trog

Skill      XL: |  1  2  3  4  5  6  7  8  9 |
---------------+----------------------------+-----
Unarmed Combat | 3 4 5 7 8 10 | 10.8
Fighting       | 3 4 5 6 |  6.8
Invocations    | 1 2 3 4 6 |  6.4
Dodging        | |  2.4
Shields        | |  2.4

Action                   |  1- 3 |  4- 6 |  7- 9 | 10-12 || total
-------------------------+-------+-------+-------+-------++-------
Melee: Unarmed           |   101 |   113 |   217 |    14 ||   445
  Use: Scroll            |       |     1 |       |       ||     1
       Potion            |       |       |     3 |       ||     3
  Eat: Chunk             |    16 |    14 |    26 |       ||    56
Armor: Robe              |    30 |    25 |    59 |    10 ||   124
Dodge: Dodged            |    29 |    31 |    46 |     7 ||   113
Block: Shield            |    29 |    42 |    83 |    11 ||   165

Table legend:
 A = Non-vault XP
 B = Vault XP
 C = Vault XP percentage of total XP
 D = Non-vault monster count
 E = Vault monster count
 F = Vault count percentage of total count
                 A         B        C        D         E       F
            +---------+---------+-------+---------+---------+-------
      Total |    3157 |    3452 |  52.2 |     142 |      32 |  18.4
            +---------+---------+-------+---------+---------+-------
        D:1 |      44 |       0 |   0.0 |      22 |       0 |   0.0
        D:2 |     139 |       7 |   4.8 |      24 |       4 |  14.3
        D:3 |     140 |       0 |   0.0 |      20 |       0 |   0.0
        D:4 |     420 |       0 |   0.0 |      12 |       0 |   0.0
        D:5 |     516 |       0 |   0.0 |      23 |       0 |   0.0
        D:6 |     947 |    1221 |  56.3 |      24 |       6 |  20.0
        D:7 |     951 |    2224 |  70.0 |      17 |      22 |  56.4
            +---------+---------+-------+---------+---------+-------
